 Dungeon Crawl Stone Soup version 0.30.0 (webtiles) character file.

Game seed: 11841717198516987867

12 leafyfresh the Covert (level 2, -4/29 HPs)
             Began as a Gnoll Delver on May 6, 2023.
             Slain by an orc
             ... wielding a +0 hand axe
              (6 damage)
             ... on level 5 of the Dungeon.
             The game lasted 00:00:45 (222 turns).

leafyfresh the Covert (Gnoll Delver)                 Turns: 222, Time: 00:00:46

Health: -4/29      AC:  3    Str: 11    XL:     2   Next: 33%
Magic:  2/2        EV: 13    Int:  9    God:
Gold:   25         SH:  0    Dex: 13    Spells: 1/1 levels left

rFire   . . .        a - +0 short sword
rCold   . . .        (no shield)
rNeg    . . .        b - +0 leather armour
rPois   .            (no helmet)
rElec   .            (no cloak)
rCorr   .            (no gloves)
SInv    .            (no boots)
Will    .....        (no amulet)
Stlth   ++++         (no ring)
HPRegen 0.24/turn    (no ring)
MPRegen 0.08/turn

%: no passive effects
@: no status effects
A: fangs 1, strong nose, distributed training
a: no special abilities


You were on level 5 of the Dungeon.
You visited 1 branch of the dungeon, and saw 2 of its levels.

You collected 25 gold pieces.

Inventory:

Hand Weapons
 a - a +0 short sword (weapon)
Missiles
 h - 3 poisoned darts (quivered)
Armour
 b - a +0 leather armour (worn)
Wands
 g - a wand of digging (3)
Scrolls
 c - a scroll of fog
 d - a scroll of brand weapon {unknown}
 e - a scroll of fear
 i - a scroll of identify {unknown}
Potions
 f - a potion of haste


   Skills:
 + Level 6.5 Fighting
 + Level 4.5 Short Blades
 + Level 0.4 Long Blades
 + Level 0.4 Axes
 + Level 0.4 Maces & Flails
 + Level 0.4 Polearms
 + Level 0.4 Staves
 + Level 0.4 Ranged Weapons
 + Level 0.4 Throwing
 + Level 0.4 Armour
 + Level 4.5 Dodging
 + Level 9.5 Stealth
 + Level 0.4 Shields
 + Level 0.4 Unarmed Combat
 + Level 0.4 Spellcasting
 + Level 0.2 Conjurations
 + Level 0.2 Hexes
 + Level 0.2 Summonings
 + Level 0.2 Necromancy
 + Level 0.2 Translocations
 + Level 0.2 Transmutations
 + Level 0.2 Fire Magic
 + Level 0.2 Ice Magic
 + Level 0.2 Air Magic
 + Level 0.2 Earth Magic
 + Level 0.2 Poison Magic
 + Level 0.5 Invocations
 + Level 0.4 Evocations


You had one spell level left.
You didn't know any spells.
Your spell library was empty.

Dungeon Overview and Level Annotations

Branches:
Dungeon (6/15)
 Temple: D:4-7

Altars:
Okawaru
Sif Muna
Trog

Annotations:
D:5 Blork the orc


Innate Abilities, Weirdness & Mutations

You have very sharp teeth.
Your uncanny sense of smell can sniff out nearby items.
Your experience applies equally to all skills.


Message History

The orc hits you with a +0 hand axe!
Unknown command.
You barely miss the orc. Your punch misses the orc.
You bite the orc, but do no damage.
Unknown command.
You hit the orc but do no damage. You punch the orc, but do no damage.
The orc hits you with a +0 dagger. The orc hits you with a +0 short sword.
The orc hits you with a +0 hand axe.
Unknown command.
You are too injured to fight recklessly!
Unknown command.
You are too injured to fight recklessly!
Unknown command.
You are too injured to fight recklessly!
Unknown command.
You barely miss the orc. The orc closely misses you. The orc misses you.
The orc closely misses you.
You hit the orc. You bite the orc, but do no damage.
The orc is moderately wounded.
The orc barely misses you. The orc hits you but does no damage. x2
You hit the orc but do no damage. You bite the orc, but do no damage.
The orc is moderately wounded.
The orc misses you. The orc closely misses you.
The orc hits you with a +0 hand axe.
You hit the orc but do no damage.
The orc is moderately wounded.
You hit the orc. You bite the orc, but do no damage.
The orc is severely wounded.
The orc hits you with a +0 dagger.
* * * LOW HITPOINT WARNING * * *
The orc hits you with a +0 short sword.
* * * LOW HITPOINT WARNING * * *
The orc hits you with a +0 hand axe.
* * * LOW HITPOINT WARNING * * *
You hit the orc but do no damage.
The orc is severely wounded.
The orc misses you. The orc hits you with a +0 short sword.
* * * LOW HITPOINT WARNING * * *
The orc hits you with a +0 hand axe.
You die...

##....#### ******,
#........##*######****,,,,,,
#.........#*.....,,,,,,,,,,,
#..#.....##*....*,,,,,,,,,,,
#..#########...#*****,,,,,,,
##.## #....# **,,,,,,
#..#### #o...# **,,,,,,
##.#...### #oo.#* *,,,,,,,
#..#.....####@o.# *,,,,,,,
#..........#...## *,,,,,,,
####.#............# *,,,,,,,
.##..#...........## *,,,,,,,
..#..#...........# *,,,,,,,
......#..........# *,,,,,,,
........#........# *,,,,,,,
..###....#......## ********
### ###....#...##


You could see 4 orcs.

Vanquished Creatures
  2 ufetubi
  A quokka (D:5)
3 creatures vanquished.

Notes
Turn   | Place    | Note
-------+----------+-------------------------------------------
     0 | D:5      | Reached skill level 9 in Stealth
     0 | D:5      | leafyfresh the Gnoll Delver began the quest for the Orb.
     0 | D:5      | Reached XP level 1. HP: 23/23 MP: 1/1
     9 | D:5      | Noticed Blork the orc
    10 | D:5      | Noticed a scorpion
    48 | D:6      | Noticed an ice beast
    49 | D:6      | Found an iron altar of Okawaru.
    50 | D:6      | Found a bloodstained altar of Trog.
    52 | D:6      | Found a shimmering blue altar of Sif Muna.
    91 | D:5      | Reached XP level 2. HP: 29/29 MP: 2/2
   222 | D:5      | Slain by an orc

Illustrated notes

Levels and vault maps discovered:
D:5:      layout_cave_pods, ebering_ghost_disaster_area,
          kennysheep_generic_room_16, uniq_blork_the_orc, uniq_grinder
D:6:      layout_cave_pools, lemuel_doored_altar, grunt_temple_overflow_open,
          minmay_temple_entry_enclosed_plants, serial_shops, shop, shop,
          nicolae_shop_waterfront, nicolae_shop_hallway_plus, shop

Skill      XL: | |
---------------+-+-----
Stealth        | |  9.5
Fighting       | |  6.5
Short Blades   | |  4.5
Long Blades    | |  0.4
Axes           | |  0.4
Maces & Flails | |  0.4
Polearms       | |  0.4
Staves         | |  0.4
Ranged Weapons | |  0.4
Throwing       | |  0.4
Armour         | |  0.4
Dodging        | |  4.5
Shields        | |  0.4
Unarmed Combat | |  0.4
Spellcasting   | |  0.4
Conjurations   | |  0.2
Hexes          | |  0.2
Summonings     | |  0.2
Necromancy     | |  0.2
Translocations | |  0.2
Transmutations | |  0.2
Fire Magic     | |  0.2
Ice Magic      | |  0.2
Air Magic      | |  0.2
Earth Magic    | |  0.2
Poison Magic   | |  0.2
Invocations    | |  0.5
Evocations     | |  0.4

Action                     || total
---------------------------++-------
  Melee: Short sword       ||    16
         Bite              ||     4
         Punch             ||     1
    Use: Scroll            ||     1
   Stab: Sleeping          ||     3
 Armour: Leather armour    ||     2
  Dodge: Dodged            ||     9
